 Dungeon Crawl Stone Soup version 0.27.1-34-g3ba077fa99 (webtiles) character file.

Game seed: 13563624748887410807

65 DrunkBamboolord the Cudgeller (level 4, -2/42 HPs)
             Began as a Naga Monk on Jan 14, 2022.
             Slain by Terence (7 damage)
             ... on level 3 of the Dungeon.
             The game lasted 00:02:53 (2608 turns).

DrunkBamboolord the Cudgeller (Naga Monk)           Turns: 2608, Time: 00:02:54

Health: -2/42      AC:  5    Str: 14    XL:     4   Next: 13%
Magic:  4/4        EV:  5    Int: 11    God:
Gold:   72         SH:  0    Dex: 19    Spells: 3/3 levels left

rFire    . . .     SeeInvis +   a - +0 mace
rCold    . . .     Faith    .   (no shield)
rNeg     . . .     Spirit   .   f - +0 chain mail
rPois    +         Reflect  .   (no helmet)
rElec    .         Harm     .   (no cloak)
rCorr    +         Rampage  .   (no gloves)
Will     .....                  (no barding)
Stlth    ..........             (no amulet)
HPRegen  0.14/turn              i - +6 ring of dexterity
MPRegen  0.09/turn              l - ring of resist corrosion

@: very slow
A: AC +1, large, see invisible, deformed body, poison resistance, slowness 2,
spit poison 1, naga tail 1
a: Spit Poison


You were on level 3 of the Dungeon.
You visited 1 branch of the dungeon, and saw 3 of its levels.

You collected 72 gold pieces.

Inventory:

Hand Weapons
 a - a +0 mace (weapon)
Armour
 f - a +0 chain mail (worn)
 g - a +0 plate armour
Jewellery
 i - a +6 ring of dexterity (left hand)
 l - a ring of resist corrosion (right hand)
Potions
 b - a potion of cancellation {unknown}
 c - 2 potions of curing
 d - a potion of attraction {unknown}
 e - 2 potions of heal wounds
 h - a potion of ambrosia
 k - a potion of berserk rage {unknown}
 m - a potion of flight {unknown}


   Skills:
 * Level 3.5 Fighting
 * Level 3.8 Maces & Flails
 * Level 1.3 Armour
 + Level 2.5 Dodging
 - Level 3.0 Stealth


You had 3 spell levels left.
You didn't know any spells.
Your spell library contained the following spells:

 Spells                   Type           Power      Damage    Failure   Level
 Gell's Gravitas          Tloc           0%         N/A       100%        3
 Lesser Beckoning         Tloc           0%         N/A       100%        3
 Teleport Other           Tloc           0%         N/A       100%        3


Dungeon Overview and Level Annotations

Branches:
Dungeon (3/15)

Altars:
Hepliaklqana
Ru

Annotations:
D:3 Terence


Innate Abilities, Weirdness & Mutations

Your serpentine skin is tough. (AC +1)
You have supernaturally acute eyesight. (SInv)
Armour fits poorly on your strangely shaped body.
Your system is resistant to poisons. (rPois)
You cover ground very slowly.
You can spit poison.
You have a snake-like lower body.


Message History

Terence is nearby!
You hit Terence but do no damage. Terence hits you with a +0 flail.
Terence is nearby!
You barely miss Terence. Terence shouts, "Now you die!"
Terence hits you with a +0 flail! Terence barely misses you.
Terence is nearby!
It was a potion of heal wounds.
You feel much better. Terence barely misses you.
It was a potion of curing.
You feel better. Terence hits you with a +0 flail.
It was a potion of ambrosia.
You are confused.
You feel invigorated. Terence hits you with a +0 flail.
You're too confused to move!
Terence hits you with a +0 flail.
You bump into the rock wall.
You feel less invigorated.
You feel less confused. Terence hits you but does no damage.
You closely miss Terence. Terence barely misses you.
You completely miss Terence. Terence hits you with a +0 flail.
You hit Terence but do no damage. Terence hits you with a +0 flail!
You hit Terence.
Terence is moderately wounded.
Terence hits you with a +0 flail.
You hit Terence.
Terence is heavily wounded.
Terence hits you with a +0 flail. Terence hits you with a +0 flail!
* * * LOW HITPOINT WARNING * * *
You are too injured to fight recklessly!
You hit Terence but do no damage.
Terence is heavily wounded.
Terence barely misses you.
Your chain mail prevents you from hitting Terence.
Terence is heavily wounded.
Terence hits you with a +0 flail!
* * * LOW HITPOINT WARNING * * *
You hit Terence.
Terence is heavily wounded.
Terence hits you but does no damage. Terence hits you with a +0 flail!
You die...

####.#.# #.# #grB.#.#
#.# #.####.####.#.#
#.r.g....)..#.#
#############.######.#
.....................#
......#(........#.....
####..#.#######.#####.#
#####.#.# #.@@...>#
......#.# #.####..#
###.#.#.# #.# ..#
..#.###.# ..# #
#.#.....# .###
..####### #. ### ... .
#.# ## #.# #...


You could see Terence.

Vanquished Creatures
  2 adders (D:2)
  An orc (D:3)
  4 ball pythons
  6 endoplasms
  2 giant cockroaches (D:2)
  4 goblins
  4 hobgoblins
  4 jackals (D:2)
  A quokka (D:2)
  2 bats (D:3)
  3 frilled lizards
  3 kobolds
  4 rats
40 creatures vanquished.

Notes
Turn   | Place    | Note
-------+----------+-------------------------------------------
     0 | D:1      | DrunkBamboolord the Naga Monk began the quest for the Orb.
     0 | D:1      | Reached XP level 1. HP: 21/21 MP: 1/1
    25 | D:1      | Found a faded altar of an unknown god.
   639 | D:1      | Reached XP level 2. HP: 21/28 MP: 2/2
  1202 | D:2      | Reached XP level 3. HP: 25/34 MP: 3/3
  1218 | D:2      | Reached skill level 1 in Armour
  1977 | D:3      | Found a hazy altar of Hepliaklqana.
  2041 | D:3      | Found a sacrificial altar of Ru.
  2335 | D:3      | Reached XP level 4. HP: 42/42 MP: 4/4
  2590 | D:3      | Noticed Terence
  2608 | D:3      | Slain by Terence

Illustrated notes

Levels and vault maps discovered:
D:1:      arrival_zaba_pyramid, layout_basic, chequers_ecumenical_altar_island
D:2:      cheibrodos_helix_gallery, layout_rooms, serial_glass, glass_columns_b,
          glass_columns_c, chequers_serial_rivers_micro_d
D:3:      mumra_celtic_spiral_tile, layout_basic, mainiacjoe_overflow_catwalk,
          nicolae_ru_sacrificial_ziggurat, minmay_misc_feat_square,
          roderic_lattice_a, uniq_terence

Skill      XL: |  1  2  3 |
---------------+----------+-----
Armour         | 1 |  1.3
Fighting       | |  3.5
Maces & Flails | |  3.8
Dodging        | |  2.5
Stealth        | |  3.0

Action                   |  1- 3 |  4- 6 || total
-------------------------+-------+-------++-------
Melee: Mace              |   116 |    18 ||   134
 Abil: Spit Poison       |     1 |       ||     1
  Use: Scroll            |     3 |     1 ||     4
       Potion            |       |     3 ||     3
 Stab: Sleeping          |     1 |       ||     1
Armor: Plate armour      |    44 |       ||    44
       Chain mail        |    30 |     6 ||    36
Dodge: Dodged            |    21 |     5 ||    26
